 Dungeon Crawl Stone Soup version 0.28.0-1-gb440e238dd (webtiles) character file.

Game seed: 9574615575315178426

93 ReploidZero the Conjurer (level 4, -22/33 HPs)
             Began as a Draconian Conjurer on Feb 21, 2022.
             Was a Follower of Sif Muna.
             Killed from afar by Ijyb (27 damage)
             ... with a bolt of acid
             ... on level 4 of the Dungeon.
             The game lasted 00:10:52 (4006 turns).

ReploidZero the Conjurer (Draconian Conjurer)       Turns: 4006, Time: 00:10:52

Health: -22/33     AC:  1    Str: 10    XL:     4   Next: 36%
Magic:  4/9        EV: 12    Int: 20    God:    Sif Muna [*.....]
Gold:   119        SH:  0    Dex:  9    Spells: 6/9 levels left

rFire   . . .      SeeInvis .   h - +0 flail
rCold   . . .      Faith    .   (no shield)
rNeg    . . .      Spirit   .   (armour unavailable)
rPois   .          Reflect  .   (helmet restricted)
rElec   .          Harm     .   (no cloak)
rCorr   .          Rampage  .   (no gloves)
Will    .....                   (no boots)
Stlth   ++........              (no amulet)
HPRegen 0.11/turn               (no ring)
MPRegen 0.11/turn               (no ring)

@: corroded
A: AC +5, unfitting armour, cold-blooded
a: Renounce Religion, Channel Magic


You were on level 4 of the Dungeon.
You worshipped Sif Muna.
Sif Muna was aware of your devotion.
You visited 1 branch of the dungeon, and saw 4 of its levels.

You collected 119 gold pieces.

Inventory:

Hand Weapons
 h - a +0 flail (weapon)
Jewellery
 k - a +6 ring of intelligence
Wands
 o - a wand of polymorph (4)
Scrolls
 b - a scroll of teleportation
Potions
 a - 2 potions of attraction
 c - a potion of curing
 f - a potion of magic {unknown}
 j - 2 potions of might
 m - a potion of heal wounds {unknown}
 n - a potion of lignification {unknown}


   Skills:
 - Level 1.7 Dodging
 - Level 1.7 Stealth
 + Level 3.3 Spellcasting
 + Level 5.0 Conjurations


You had 6 spell levels left.
You knew the following spells:

 Your Spells              Type           Power      Damage    Failure   Level
a - Magic Dart            Conj           92%        1d7       1%          1
b - Searing Ray           Conj           46%        2d6       2%          2

Your spell library contained the following spells:

 Spells                   Type           Power      Damage    Failure   Level
 Dazzling Flash           Conj/Hex       26%        N/A       14%         3
 Fulminant Prism          Conj/Hex       6%         3d7       43%         4
 Iskenderun's Mystic Bla  Conj/Tloc      13%        2d5       43%         4


Dungeon Overview and Level Annotations

Branches:
Dungeon (4/15)
 Temple: D:4-7

Altars:
Sif Muna

Shops:
D:3 (

Annotations:
D:4 Ijyb


Innate Abilities, Weirdness & Mutations

Your plain brown scales are hard. (AC +5)
You cannot fit into any form of body armour.
You are cold-blooded and may be slowed by cold attacks.


Message History

You destroy the adder skeleton!
Sif Muna accepts your kill.
You finish channelling your searing ray.
Unknown command.
Magic restored.
Found a robe.
You now have 111 gold pieces (gained 5).
You now have 119 gold pieces (gained 8).
Ijyb the Twisted Goblin comes into view.
She is wielding a +0 club and carrying a wand of acid (4).
Ijyb shouts!
Ijyb is nearby!
Ijyb is nearby!
Ijyb is nearby!
Ijyb is nearby!
Ijyb is nearby!
Casting: Searing Ray (safe; 2% risk of failure)
Confirm with . or Enter, or press ? or * to list all spells.
Aiming: Searing Ray (safe; 2% risk of failure)
Press: ? - help, Shift-Dir - straight line, f - Ijyb
Aim: Ijyb, wielding a +0 club, wearing a +0 leather armour and carrying a wand of acid (4) (72% to hit)
The searing ray misses Ijyb. (Press . to maintain the ray.) Unknown command.
The searing ray hits Ijyb.
Ijyb is lightly wounded.
Ijyb zaps a wand.
The bolt of acid hits you!!
Ouch! That really hurt!
* * * LOW HITPOINT WARNING * * *
The acid corrodes you!
The searing ray hits Ijyb.
Ijyb is lightly wounded.
Ijyb closely misses you.
The searing ray hits Ijyb but does no damage.
Ijyb is lightly wounded.
You finish channelling your searing ray.
Ijyb hits you with a +0 club.
* * * LOW HITPOINT WARNING * * *
Ijyb zaps a wand.
The bolt of acid hits you!!
Ouch! That really hurt!
You die...

### ..#
#.# ##
#.#
....###$#
#...g@##
##..#..#
#. ##.##
##.
#.###..#
#..
..##.#
#.# #.#.#
#[# #..#
#.# #..#
#.## ###
#..#


You could see Ijyb.

Vanquished Creatures
  A wight (D:3)
  An adder skeleton (D:4)
  2 worms
  A dart slug (D:2)
  5 ball pythons
  8 bats
  2 endoplasms (D:2)
  2 giant cockroaches
  3 goblins
  3 hobgoblins
  2 quokkas (D:1)
  A frilled lizard (D:1)
  2 kobolds (D:3)
  3 rats
36 creatures vanquished.

Notes
Turn   | Place    | Note
-------+----------+-------------------------------------------
     0 | D:1      | ReploidZero the Draconian Conjurer began the quest for the
                  | Orb.
     0 | D:1      | Reached XP level 1. HP: 14/14 MP: 3/3
  1060 | D:1      | Reached XP level 2. HP: 20/20 MP: 1/5
  1063 | D:1      | Learned a level 2 spell: Searing Ray
  1213 | D:1      | You fall into a shaft and drop 1 floor!
  1641 | D:2      | Found a faded altar of an unknown god.
  2157 | D:1      | Reached XP level 3. HP: 26/26 MP: 0/7
  2610 | D:2      | Prayed at the altar of an unknown god.
  2610 | D:2      | Became a worshipper of Sif Muna the Loreminder
  2610 | D:2      | Reached * piety under Sif Muna
  2672 | D:3      | Found Voucaaq's Weapon Boutique.
  3780 | D:3      | Reached skill level 5 in Conjurations
  3780 | D:3      | Reached XP level 4. HP: 22/33 MP: 2/9
  4001 | D:4      | Noticed Ijyb
  4006 | D:4      | Killed from afar by Ijyb

Illustrated notes

Levels and vault maps discovered:
D:1:      dpeg_arrival_brainrot, layout_loops_ring
D:2:      layout_loops_ring, ebering_ecumenical_altar_petrified
D:3:      layout_loops_corners, serial_shops, nicolae_shop_hallway_stairs,
          kennysheep_generic_room_5
D:4:      layout_basic, gammafunk_ghost_mausoleum, serial_bayou_lagoon_a,
          minmay_misc_feat_plants, minmay_joined_circles, uniq_ijyb, uniq_robin

Skill      XL: |  1  2  3 |
---------------+----------+-----
Spellcasting   | 3 |  3.3
Conjurations   | 5 |  5.0
Dodging        | |  1.7
Stealth        | |  1.7

Action                   |  1- 3 |  4- 6 || total
-------------------------+-------+-------++-------
Melee: Unarmed           |    23 |       ||    23
       Tailslap          |     5 |       ||     5
       Flail             |    18 |       ||    18
 Cast: Magic Dart        |    53 |     1 ||    54
       Searing Ray       |     6 |     2 ||     8
  Use: Scroll            |    10 |       ||    10
       Potion            |     4 |       ||     4
 Stab: Sleeping          |     1 |       ||     1
Armor: Skin              |    14 |       ||    14
Dodge: Dodged            |    30 |     1 ||    31
